 Dungeon Crawl Stone Soup version 0.28-a0-804-g60983d4ba9 (webtiles) character file.

Game seed: 1633778416430933796

166 lawman0 the Grasshopper (level 5, -7/61 HPs)
             Began as a Barachi Warper on Nov 7, 2021.
             Was a Believer of Okawaru.
             Killed by an exploding goblin (17 damage)
             ... ignited by their inner flame
             ... on level 4 of the Dungeon.
             The game lasted 00:03:27 (3393 turns).

lawman0 the Grasshopper (Barachi Warper)            Turns: 3393, Time: 00:03:27

Health: -7/61      AC: 22    Str: 12    XL:     5   Next: 47%
Magic:  8/8        EV:  2    Int: 14    God:    Okawaru [**....]
Gold:   96         SH:  0    Dex: 12    Spells: 3/8 levels left

rFire   . . .      SeeInvis .   a - +0 falchion (venom)
rCold   . . .      Faith    .   (no shield)
rNeg    . . .      Spirit   .   (armour currently unavailable)
rPois   +          Reflect  .   (helmet currently unavailable)
rElec   .          Harm     .   (cloak currently unavailable)
rCorr   .          Rampage  .   (gloves currently unavailable)
Will    .....      NoTele   +   (boots currently unavailable)
Stlth   +.........              (no amulet)
HPRegen 0.20/turn               f - +4 ring of slaying
MPRegen 0.11/turn               (no ring)

@: tree-form (expiring)
A: stationary, stasis, torment immunity, boosted hp, (amphibious), (slowness 1),
(strong legs 1), +LOS
a: Renounce Religion, Heroism


You were on level 4 of the Dungeon.
You worshipped Okawaru.
Okawaru was pleased with you.
You were a tree.
You visited 1 branch of the dungeon, and saw 4 of its levels.

You collected 96 gold pieces.

Inventory:

Hand Weapons
 a - a +0 falchion of venom (weapon)
Missiles
 d - 5 boomerangs of dispersal
 g - 2 javelins (quivered)
Armour
 b - a +0 leather armour (melded)
 j - a +2 cloak (melded)
Jewellery
 f - a +4 ring of slaying (left branch)
Scrolls
 q - 2 scrolls of immolation
Potions
 e - a potion of might {unknown}
 h - a potion of curing
 i - a potion of brilliance
 l - a potion of attraction {unknown}
 n - a potion of magic {unknown}


   Skills:
 + Level 3.2 Fighting
 * Level 4.4 Long Blades
 + Level 1.2 Throwing
 + Level 1.9 Armour
 + Level 2.4 Dodging
 + Level 2.3 Spellcasting
 * Level 4.6 Translocations


You had 3 spell levels left.
You knew the following spells:

 Your Spells              Type           Power      Damage    Failure   Level
a - Blink                 Tloc           28%        N/A       5%          2
b - Teleport Other        Tloc           14%        N/A       11%         3

Your spell library contained the following spells:

 Spells                   Type           Power      Damage    Failure   Level
 Gell's Gravitas          Tloc           14%        N/A       11%         3
 Lesser Beckoning         Tloc           14%        N/A       11%         3
 Manifold Assault         Tloc           14%        N/A       67%         5
 Blade Hands              Tmut           0%         N/A       100%        5
 Iron Shot                Conj/Erth      0%         9d1       100%        6
 Animate Armour           Summ/Erth      Unusable   N/A       N/A         4

Dungeon Overview and Level Annotations

Branches:
Dungeon (4/15)
 Temple: D:4-7

Altars:
Kikubaaqudgha
Nemelex Xobeh
Okawaru
Wu Jian
Yredelemnul

Shops:
D:2 =


Innate Abilities, Weirdness & Mutations

You are a tree.
Your roots penetrate the ground, keeping you stationary.
You cannot be teleported.
You are immune to unholy pain and torment.
Your maximum health is greatly increased.
Your equipment is partially melded.
((You are amphibious.))
((You cover ground slowly.))
((You can hop short distances.))
You have an extended range of vision and can be seen from far away.


Message History

The goblin hits you but does no damage. The kobold hits you but does no damage.
The goblin hits you with a +0 club.
The howler monkey hoots and howls with incredible vigour!
The goblin hits you but does no damage.
Your transformation is almost over.
The kobold hits you with a +0 dagger.
The goblin hits you but does no damage. x2
Unknown command.
You barely miss the goblin.
The howler monkey hoots and howls with incredible vigour!
The kobold hits you but does no damage. The goblin hits you with a +0 club.
The goblin hits you but does no damage.
You closely miss the goblin. The kobold hits you with a +0 dagger.
* * * LOW HITPOINT WARNING * * *
The goblin hits you but does no damage. x2
You slash the goblin! Okawaru accepts your kill.
The goblin explodes!
The fiery explosion engulfs the goblin!
Okawaru accepts your kill. The fiery explosion engulfs you.
* * * LOW HITPOINT WARNING * * *
The fiery explosion engulfs the orc!!!
Okawaru accepts your kill.
The fiery explosion engulfs the kobold!!!
Okawaru accepts your kill.
The fiery explosion engulfs the adder skeleton!!
Okawaru accepts your kill.
The adder skeleton explodes!
The kobold explodes!
The fiery explosion engulfs you.
* * * LOW HITPOINT WARNING * * *
Okawaru accepts your kill.
You feel a bit more experienced.
The orc explodes!
The goblin explodes!
The fiery explosion engulfs the black bear!!!
You kill the black bear!
Okawaru is honoured by your kill.
The fiery explosion engulfs the howler monkey!
Okawaru accepts your kill. The fiery explosion engulfs you!
You die...

. . #.
#.# #####
..#. #.#
.#.###.##
......!#
#......
......#
†§§..#
#§#§##
#♣§§#
##§§#
§§...
........
.>......
........
........
........
........


There were no monsters in sight!

Vanquished Creatures
  A black bear (D:4)
  A howler monkey (D:4)
  The ghost of elongatedgoose the Shooter, a weakling SpHu of Kikubaaqudgha (D:3)
  Jessica (D:2)
  4 gnolls (D:3)
  2 adders
  An adder skeleton (D:4)
  A worm (D:2)
  A dart slug (D:1)
  2 orcs
  6 bats
  3 endoplasms
  A giant cockroach (D:1)
  2 hobgoblins
  5 quokkas
  5 ball pythons
  4 frilled lizards
  8 goblins
  8 kobolds
  2 rats (D:1)
59 creatures vanquished.

Notes
Turn   | Place    | Note
-------+----------+-------------------------------------------
     0 | D:1      | lawman0 the Barachi Warper began the quest for the Orb.
     0 | D:1      | Reached XP level 1. HP: 17/17 MP: 3/3
    68 | D:1      | Reached XP level 2. HP: 2/23 MP: 5/5
   361 | D:1      | Learned a level 2 spell: Blink
   723 | D:1      | h
   723 | D:1      | OH
   837 | D:1      | Found a faded altar of an unknown god.
   840 | D:1      | Prayed at the altar of an unknown god.
   840 | D:1      | Became a worshipper of Warmaster Okawaru
   840 | D:1      | Reached * piety under Okawaru
   841 | D:1      | uwuw
   841 | D:1      | okie
   925 | D:1      | Reached XP level 3. HP: 26/28 MP: 6/6
  1332 | D:2      | Found an ornate altar of the Wu Jian Council.
  1551 | D:2      | Learned a level 3 spell: Teleport Other
  1604 | D:2      | Noticed Jessica
  1609 | D:2      | Killed Jessica
  1610 | D:2      | Reached XP level 4. HP: 30/35 MP: 7/7
  1783 | D:2      | Found Boteten's Jewellery Boutique.
  2915 | D:3      | Found a sparkling altar of Nemelex Xobeh.
  2917 | D:3      | Found an ornate altar of the Wu Jian Council.
  2917 | D:3      | Found an ancient bone altar of Kikubaaqudgha.
  2920 | D:3      | Found a basalt altar of Yredelemnul.
  2945 | D:3      | Reached XP level 5. HP: 36/41 MP: 6/8
  3064 | D:3      | Found a large runed translucent door.
  3064 | D:3      | Found a large runed translucent door.
  3066 | D:3      | Noticed elongatedgoose's ghost (weakling SpHu)
  3240 | D:3      | Killed elongatedgoose's ghost
  3367 | D:4      | Noticed a black bear
  3393 | D:4      | Killed a black bear
  3393 | D:4      | Reached ** piety under Okawaru
  3393 | D:4      | Killed by an exploding goblin... ignited by their inner
                  | flame

Illustrated notes ...J ...!. ..>.. ...... ..... (... ###l.##### #.g....... #####@## #......## #.......#### #..........#### #.............# #......†....#.### #...........#...###### #..........####.#..... #............##.#..... Turn 723 on D:1: h

##########
#........#
###########...''+++#
#.............''++
#.............++@+
#..........##.++++
#.......†..##.+
#.......>..+...
#..........###..
#..........## ...
####..............
###..######... ..#
#.†............


Turn 841 on D:1: uwuw

Levels and vault maps discovered:
D:1:      dpeg_arrival_arbitrary_a, layout_basic,
          hellmonk_ecumenical_altar_heavens_door
D:2:      layout_loops_ring, basic_altar, serial_shops, nicolae_lakefront_shop,
          uniq_jessica
D:3:      layout_loops_corners, grunt_temple_overflow_open,
          ebering_ghost_disaster_area, serial_bayou_lagoon_b
D:4:      layout_basic, minmay_temple_entry_slanted

Skill      XL: |  1  2  3  4 |
---------------+-------------+-----
Long Blades    | 3 4 |  4.4
Fighting       | 3 |  3.2
Translocations | 4 |  4.6
Throwing       | |  1.2
Armour         | |  1.9
Dodging        | |  2.4
Spellcasting   | |  2.3

Action                   |  1- 3 |  4- 6 || total
-------------------------+-------+-------++-------
Melee: Falchion          |    94 |    56 ||   150
Throw: Javelin           |     1 |       ||     1
Invok: Heroism           |       |     2 ||     2
  Use: Scroll            |     2 |     5 ||     7
       Potion            |       |     1 ||     1
 Stab: Sleeping          |       |     2 ||     2
Armor: Leather armour    |    32 |    14 ||    46
       Skin              |       |    43 ||    43
Dodge: Dodged            |    70 |    45 ||   115

Table legend: (Time is in decaauts)
 A = Elapsed time spent in this place.
 B = Non-inter-level travel time spent in this place.
 C = Inter-level travel time spent in this place.
 D = Time resting spent in this place.
 E = Time spent auto-exploring this place.
 F = Levels seen in this place.
 G = Mean time per level.
                   A        B        C        D        E       F      G
               +--------+--------+--------+--------+--------+-----+--------+
         Total |   3825 |   3643 |    182 |    290 |   2898 |   4 |  956.2 |
       Dungeon |   3825 |   3643 |    182 |    290 |   2898 |   4 |  956.2 |
               +--------+--------+--------+--------+--------+-----+--------+

Top non-repeatable levels by time:
     D:1: 1374 daAuts
     D:3: 1230 daAuts
     D:2: 1096 daAuts
     D:4: 124 daAuts
